 Dungeon Crawl Stone Soup version 0.32-a0-913-g739538afd8 (webtiles) character file.

Game seed: 11212292923920417092

5731 smashvw the Thaumaturge (level 11, -5/65 HPs)
             Began as a Djinni Fire Elementalist on Apr 9, 2024.
             Was an Elder of Makhleb.
             Shot with an arrow by something (11 damage)
             ... on level 9 of the Dungeon.
             The game lasted 00:21:44 (9902 turns).

smashvw the Thaumaturge (Djinni Fire Elementalist)  Turns: 9902, Time: 00:21:45

Health: -5/65      AC:  3    Str:  7    XL:     11   Next: 5%
Gold:   598        EV: 11    Int: 27    God:    Makhleb [****..] SH:  0 Dex: 14

rFire   + + .        (no weapon)
rCold   x . .        (no shield)
rNeg    . . .        a - +0 robe
rPois   ∞            (no helmet)
rElec   .            d - +0 cloak
rCorr   .            (no gloves)
SInv    .            (boots unavailable)
Will    +....        v - amulet of regeneration
Stlth   ++           B - +6 ring of intelligence
HPRegen 1.10/turn    (no ring)

%: infuse magic (-6 HP)
@: about to teleport, unable to call your familiar, flying, studying Maces &
Flails
A: sickness immunity, fire resistance 2, cold vulnerability 1, float, innate
caster, HP casting, extra vitality 1
a: Renounce Religion, Minor Destruction, Lesser Servant of Makhleb, Major
Destruction


You were on level 9 of the Dungeon.
You worshipped Makhleb.
Makhleb was greatly pleased with you.
You visited 1 branch of the dungeon, and saw 9 of its levels.

You collected 598 gold pieces.

Inventory:

Missiles
 C - a throwing net
Armour
 a - a +0 robe (worn)
 d - a +0 cloak (worn)
Jewellery
 v - an amulet of regeneration (around neck)
 y - an amulet of faith
 z - a ring of see invisible
 B - a +6 ring of intelligence (left hand)
Wands
 D - a wand of quicksilver (4)
Scrolls
 b - 3 scrolls of enchant armour {unknown}
 c - a scroll of blinking {unknown}
 e - 8 scrolls of identify
 f - 2 scrolls of silence {unknown}
 g - 2 scrolls of fog {unknown}
 i - 3 scrolls of noise {unknown}
 k - a scroll of teleportation
 m - 2 scrolls of fear {unknown}
 n - 2 scrolls of revelation {unknown}
 o - 2 scrolls of amnesia {unknown}
 q - a scroll of poison {unknown}
 u - 2 scrolls of vulnerability {unknown}
 w - a scroll of torment {unknown}
 A - a scroll of summoning {unknown}
Potions
 h - 3 potions of haste {unknown}
 j - 2 potions of attraction {unknown}
 l - a potion of magic {unknown}
 p - 2 potions of lignification {unknown}
 r - 2 potions of heal wounds {unknown}
 s - 4 potions of curing {unknown}
 t - a potion of brilliance {unknown}
 x - a potion of might {unknown}
 E - a potion of invisibility {unknown}


   Skills:
 - Level 2.1 Dodging
 - Level 1.5 Stealth
 + Level 12.3 Spellcasting
 + Level 12.3 Conjurations
 + Level 12.3 Hexes
   Level 0.0 Charms
 + Level 12.3 Summonings
 + Level 12.3 Necromancy
 + Level 12.3 Translocations
   Level 0.0 Transmutations
 + Level 12.3 Fire Magic
 + Level 12.3 Ice Magic
 + Level 12.3 Air Magic
 + Level 12.3 Earth Magic
 + Level 12.3 Alchemy
 - Level 4.0 Invocations


You knew the following spells:

 Your Spells              Type           Power      Damage    Failure   Level
a - Foxfire               Conj/Fire      100%       2x1d9     1%          1
b - Scorch                Fire           100%       2d9       1%          2
c - Volatile Blastmotes   Fire/Tloc      100%       2d18      1%          3
d - Inner Flame           Hex/Fire       70%        N/A       1%          3
e - Flame Wave            Conj/Fire      70%        2d16      1%          4
f - Necrotise             Necr           100%       1d9       1%          1
g - Jinxbite              Hex            100%       N/A       1%          2
h - Tukima's Dance        Hex            70%        N/A       1%          3
i - Call Canine Familiar  Summ           70%        N/A       1%          3
j - Ignite Poison         Fire/Alch      70%        N/A       1%          4
Your spell library was empty.

Dungeon Overview and Level Annotations

Branches:
Dungeon (9/15)             Temple (0/1) D:4
   Lair: D:8-11         Orc: D:9-12

Altars:
Ashenzari
Cheibriados
Dithmenos
Elyvilon
Fedhas
Makhleb
Nemelex Xobeh
Ru
Trog
Uskayaw
Yredelemnul
Zin
The Shining One

Shops:
D:2 ==


Innate Abilities, Weirdness & Mutations

You are immune to sickness and miasma.
You are immune to poison.
Your flesh is very heat resistant. (rF++)
You are vulnerable to cold. (rC-)
You float through the air rather than walking.
You learn spells naturally, not from books.
Your magical power is your life essence.
You have superior vitality. (+4 MHP)


Message History

Flames lash the tengu warrior.
The tengu warrior is burned terribly!
The tengu warrior is moderately wounded.
Casting: Scorch (safe; 1% risk of failure)
Confirm with . or Enter, or press ? or * to list all spells.
You don't know that spell.
Casting: Scorch (safe; 1% risk of failure)
Confirm with . or Enter, or press ? or * to list all spells.
Aiming: Tukima's Dance (safe; 1% risk of failure)
Press: ? - help, Shift-Dir - straight line, f - tengu warrior
Aim: a tengu warrior, wielding a +0 great sword and wearing a +0 ring mail (moderately wounded, more vulnerable to fire, chance to affect: 63%) Nothing appears to happen.
You hear a bow twang.
An arrow appears from out of thin air!
The arrow hits you.
A centaur warrior comes into view.
Casting: Tukima's Dance (safe; 1% risk of failure)
Confirm with . or Enter, or press ? or * to list all spells.
Aiming: Tukima's Dance (safe; 1% risk of failure)
Press: ? - help, Shift-Dir - straight line, f/p - tengu warrior
Aim: a tengu warrior, wielding a +0 great sword and wearing a +0 ring mail (moderately wounded, more vulnerable to fire, chance to affect: 63%) Nothing appears to happen.
The centaur warrior shouts!
The ogre mage gestures wildly while chanting.
The ogre mage flickers and vanishes!
The centaur warrior wields a +0 shortbow.
The centaur warrior shoots an arrow.
You hear a bow twang.
An arrow appears from out of thin air!
The arrow hits you!!
Okay, then.
As you read the scroll of teleportation, it crumbles to dust.
You feel strangely unstable.
You hear a bow twang.
An arrow appears from out of thin air!
The arrow hits you!
* * * LOW HITPOINT WARNING * * *
You hear a bow twang.
An arrow appears from out of thin air!
The arrow hits you!
* * * LOW HITPOINT WARNING * * *
The centaur warrior shoots an arrow.
You hear a bow twang.
An arrow appears from out of thin air!
The arrow hits you!
You die...

........#.....#............#.....
........####'##............#.....
.......................#'###.....
.......................#.........
..................)....##########
###########......................
#.........#.######...............
#........)#.#...§####............
#.......###.#...@...###..........
#.......#...#.....§...##.........
'.......#...##{#####'####........
#..#'#..#...#Q.. #...#.#.....###
####.####...#cW.. ##..))##....#..
........>...#..... ##.#..#....#..
............####### ###..#....#..
............# #..##...#..
............# #...#...#..


You could see a tengu warrior (combustible) and a centaur warrior.

Vanquished Creatures
  4 deep elf pyromancers (D:9)
  2 hornets
  A steam dragon (D:8)
  A water moccasin (D:6)
  An ice beast (shapeshifter) (D:8)
  A sky beast (D:6)
  2 ice beasts (D:6)
  An orc warrior (D:8)
  4 black bears
  A centaur (D:5)
  4 kobold brigands
  3 bullfrogs (D:8)
  4 scorpions
  8 wights
  4 hounds
  2 gnoll boudas (D:8)
  3 jellies
  A sleepcap (D:7)
  4 orc priests
  5 iguanas
  4 orc wizards
  13 gnolls
  7 adders
  A shadow imp (D:8)
  4 ufetubi (D:5)
  4 dart slugs
  3 ribbon worms
  33 orcs
  10 ball pythons
  10 bats
  8 endoplasms
  7 giant cockroaches
  10 goblins
  11 hobgoblins
  5 quokkas
  5 frilled lizards
  20 kobolds
  5 rats
216 creatures vanquished.

Vanquished Creatures (collateral kills)
  A centaur warrior (D:9)
  2 orc priests
  4 gnolls
  An orc (D:8)
  3 kobolds
  19 foxfires
30 creatures vanquished.

Vanquished Creatures (others)
  A slime creature (D:9)
  2 gnolls (D:8)
  512 foxfires
515 creatures vanquished.

Grand Total: 761 creatures vanquished

Notes
Turn   | Place    | Note
-------+----------+-------------------------------------------
     0 | D:1      | smashvw the Djinni Fire Elementalist began the quest for
                  | the Orb.
     0 | D:1      | smashvw set off with the following spells memorised:
                  | Foxfire, Scorch, Volatile Blastmotes, Inner Flame, Flame
                  | Wave.
     0 | D:1      | Reached XP level 1. HP: 15/15 MP: 0/0
   128 | D:1      | Reached XP level 2. HP: 17/21 MP: 0/0
   243 | D:1      | Found a burning altar of Makhleb.
   285 | D:1      | Became a worshipper of Makhleb the Destroyer
   496 | D:1      | Reached XP level 3. HP: 23/25 MP: 0/0
   496 | D:1      | Learned a level 1 spell: Necrotise
   525 | D:1      | Found a faded altar of an unknown god.
   903 | D:2      | Found Qere's Jewellery Shop.
  1246 | D:2      | Reached XP level 4. HP: 24/31 MP: 0/0
  1538 | D:2      | Found Bem Dyeb's Jewellery Shoppe.
  2190 | D:3      | Reached * piety under Makhleb
  2191 | D:3      | Reached XP level 5. HP: 19/35 MP: 0/0
  2191 | D:3      | Learned a level 2 spell: Jinxbite
  2304 | D:3      | Reached skill level 5 in Spellcasting
  2304 | D:3      | Reached skill level 5 in Conjurations
  2304 | D:3      | Reached skill level 5 in Hexes
  2304 | D:3      | Reached skill level 5 in Summonings
  2304 | D:3      | Reached skill level 5 in Necromancy
  2304 | D:3      | Reached skill level 5 in Translocations
  2304 | D:3      | Reached skill level 5 in Fire Magic
  2304 | D:3      | Reached skill level 5 in Ice Magic
  2304 | D:3      | Reached skill level 5 in Air Magic
  2304 | D:3      | Reached skill level 5 in Earth Magic
  2304 | D:3      | Reached skill level 5 in Alchemy
  2494 | D:3      | Reached XP level 6. HP: 19/40 MP: 0/0
  3614 | D:4      | Found a sparkling altar of Nemelex Xobeh.
  3681 | D:4      | Found a staircase to the Ecumenical Temple.
  3990 | D:4      | Reached ** piety under Makhleb
  4153 | D:4      | Reached XP level 7. HP: 44/45 MP: 0/0
  4153 | D:4      | Learned a level 3 spell: Tukima's Dance
  4604 | D:5      | Entered Level 5 of the Dungeon
  5040 | D:5      | Reached XP level 8. HP: 42/50 MP: 0/0
  5387 | D:5      | Found a glowing golden altar of the Shining One.
  5390 | D:5      | Found a sacrificial altar of Ru.
  5435 | D:5      | Found a broken altar of Ashenzari.
  5437 | D:5      | Found a shadowy altar of Dithmenos.
  5437 | D:5      | Found a snail-covered altar of Cheibriados.
  5610 | D:5      | Found a hide-covered altar of Uskayaw.
  5620 | D:5      | Reached skill level 1 in Invocations
  5869 | D:6      | Reached *** piety under Makhleb
  6109 | D:6      | Noticed a hornet
  6114 | D:6      | Reached XP level 9. HP: 24/55 MP: 0/0
  6114 | D:6      | Learned a level 3 spell: Call Canine Familiar
  6116 | D:6      | Killed a hornet
  6600 | D:6      | Found a white marble altar of Elyvilon.
  7233 | D:7      | Reached skill level 10 in Spellcasting
  7233 | D:7      | Reached skill level 10 in Conjurations
  7233 | D:7      | Reached skill level 10 in Hexes
  7233 | D:7      | Reached skill level 10 in Summonings
  7233 | D:7      | Reached skill level 10 in Necromancy
  7233 | D:7      | Reached skill level 10 in Translocations
  7233 | D:7      | Reached skill level 10 in Fire Magic
  7233 | D:7      | Reached skill level 10 in Ice Magic
  7233 | D:7      | Reached skill level 10 in Air Magic
  7233 | D:7      | Reached skill level 10 in Earth Magic
  7233 | D:7      | Reached skill level 10 in Alchemy
  7518 | D:8      | Identified the +4 robe of Yesterday {rPois MP+9}
  7550 | D:8      | Reached XP level 10. HP: 55/60 MP: 0/0
  8515 | D:8      | Reached **** piety under Makhleb
  8700 | D:8      | Found a glowing silver altar of Zin.
  8719 | D:8      | Found a bloodstained altar of Trog.
  8828 | D:8      | Found a basalt altar of Yredelemnul.
  9092 | D:9      | Noticed a harpy
  9093 | D:9      | Noticed a deep elf pyromancer
  9096 | D:9      | a harpy changed into a fire bat
  9175 | D:9      | Killed a deep elf pyromancer
  9453 | D:9      | Found a blossoming altar of Fedhas.
  9767 | D:9      | Noticed a deep elf pyromancer
  9767 | D:9      | Noticed a centaur warrior
  9767 | D:9      | Noticed a deep elf pyromancer
  9767 | D:9      | Noticed a deep elf pyromancer
  9771 | D:9      | Killed a deep elf pyromancer
  9776 | D:9      | HP: 2/60 [centaur warrior (4)]
  9779 | D:9      | Killed a centaur warrior
  9845 | D:9      | Killed a deep elf pyromancer
  9862 | D:9      | Killed a deep elf pyromancer
  9863 | D:9      | Reached XP level 11. HP: 56/65 MP: 0/0
  9863 | D:9      | Learned a level 4 spell: Ignite Poison
  9893 | D:9      | Noticed an ogre mage
  9893 | D:9      | Noticed a tengu warrior
  9893 | D:9      | Noticed a deep elf knight
  9899 | D:9      | Noticed a centaur warrior
  9902 | D:9      | Shot with an arrow by something

Illustrated notes

Levels and vault maps discovered:
D:1:      dpeg_arrival_lava_altar, layout_rooms, basic_ecumenical_altar,
          hangedman_glass_teeth, corexii_leaking_fountain,
          nicolae_concentric_dashed_squares_wild, kennysheep_boxes
D:2:      minmay_razor_zed, layout_rooms, serial_shops, shop,
          nicolae_shop_tiny_statue_garden, hex_medium
D:3:      minmay_thinvault, layout_basic, mainiacjoe_overflow_catwalk
D:4:      layout_cave_pods, nemelex_dance_club_becter,
          minmay_temple_entry_large_hall, minmay_goblin_kobold_house
D:5:      layout_loops_cross, grunt_temple_overflow_open,
          nicolae_overflow_quartered_altars, minmay_gold_behind_fungi,
          serial_park_tiny_2
D:6:      layout_loops_ring, lemuel_doored_altar
D:7:      layout_basic
D:8:      layout_loops_ring, mainiacjoe_overflow_24_doors, old_standard_altar,
          nicolae_overflow_hidden_temple, dk_noncrumbling_2,
          minmay_fractal_squares_gapless_5
D:9:      minmay_sliced_demisemicircle, layout_irregular_city,
          general_overflow_altar

Skill      XL: |  1  2  3  4  5  6  7  8  9 10 |
---------------+-------------------------------+-----
Spellcasting   | 4 5 6 7 8 10 12 | 12.3
Conjurations   | 4 5 6 7 8 10 12 | 12.3
Hexes          | 4 5 6 7 8 10 12 | 12.3
Summonings     | 4 5 6 7 8 10 12 | 12.3
Necromancy     | 4 5 6 7 8 10 12 | 12.3
Translocations | 4 5 6 7 8 10 12 | 12.3
Fire Magic     | 4 5 6 7 8 10 12 | 12.3
Ice Magic      | 4 5 6 7 8 10 12 | 12.3
Air Magic      | 4 5 6 7 8 10 12 | 12.3
Earth Magic    | 4 5 6 7 8 10 12 | 12.3
Alchemy        | 4 5 6 7 8 10 12 | 12.3
Invocations    | 4 |  4.0
Dodging        | |  2.1
Stealth        | |  1.5

Action                     |  1- 3 |  4- 6 |  7- 9 | 10-12 || total
---------------------------+-------+-------+-------+-------++-------
  Melee: Unarmed           |     5 |       |       |       ||     5
   Cast: Foxfire           |    69 |   151 |   104 |    10 ||   334
         Scorch            |    15 |    48 |   107 |    72 ||   242
         Call Canine Famil |       |       |     5 |     9 ||    14
         Necrotise         |       |       |       |    13 ||    13
         Flame Wave        |       |       |       |     7 ||     7
         Tukima's Dance    |       |       |       |     2 ||     2
    Use: Scroll            |       |       |       |     3 ||     3
 Armour: Robe              |    19 |    18 |    42 |    50 ||   129
  Dodge: Dodged            |    22 |    17 |    34 |    34 ||   107

Table legend: (Time is in decaauts)
 A = Elapsed time spent in this place.
 B = Non-inter-level travel time spent in this place.
 C = Inter-level travel time spent in this place.
 D = Time resting spent in this place.
 E = Time spent auto-exploring this place.
 F = Levels seen in this place.
 G = Mean time per level.
                   A        B        C        D        E       F      G
               +--------+--------+--------+--------+--------+-----+--------+
         Total |   9903 |   9498 |    405 |    799 |   7510 |   9 | 1100.3 |
       Dungeon |   9903 |   9498 |    405 |    799 |   7510 |   9 | 1100.3 |
               +--------+--------+--------+--------+--------+-----+--------+

Top non-repeatable levels by time:
     D:4: 1411 daAuts
     D:8: 1376 daAuts
     D:3: 1319 daAuts
     D:6: 1188 daAuts
     D:5: 1186 daAuts
     D:2: 962 daAuts
     D:1: 910 daAuts
     D:7: 782 daAuts
     D:9: 764 daAuts
